 Dungeon Crawl Stone Soup version 0.25-a0-786-g5b70d41e48 (webtiles) character file.

Game seed: 10127687200258913690, levelgen mode: deterministic

6483 Fukker the Basher (level 11, -11/75 HPs)
             Began as a Formicid Fighter on Apr 18, 2020.
             Was an Elder of Okawaru.
             Blown up by Psyche (19 damage)
             ... with a disintegration bolt
             ... on level 9 of the Dungeon.
             The game lasted 00:26:14 (9576 turns).

Fukker the Basher (Formicid Fighter)                Turns: 9576, Time: 00:26:14

Health: -11/75     AC: 13    Str: 29    XL:     11   Next: 19%
Magic:  4/4        EV: 13    Int:  8    God:    Okawaru [****..]
Gold:   413        SH: 14    Dex: 10    Spells: 10/10 levels left

rFire    + . .     SeeInvis +   n - +3 whip (antimagic)
rCold    + . .     Gourm    .   c - +0 kite shield
rNeg     + . .     Faith    .   V - +3 scale mail {rN+}
rPois    +         Spirit   .   (helmet unavailable)
rElec    .         Reflect  .   s - scarf {rC+ rF+}
rCorr    .         Harm     .   S - +0 pair of gloves
MR       +....                  (no boots)
Stlth    +.........             R - amulet of magic regeneration
HPRegen  0.22/turn              M - +5 ring of strength
MPRegen  0.34/turn              q - ring of poison resistance

@: heroism
A: permanent stasis, dig shafts and tunnels, four strong arms, antennae 3
a: Dig, Shaft Self, Heroism, Renounce Religion


You were on level 9 of the Dungeon.
You worshipped Okawaru.
Okawaru was greatly pleased with you.
You were not hungry.

You visited 1 branch of the dungeon, and saw 9 of its levels.
You also visited: Sewer.

You collected 413 gold pieces.

Inventory:

Hand Weapons
 a - a +0 war axe
 n - a +3 antimagic whip (weapon)
Missiles
 d - 25 poisoned darts
 e - 133 stones (quivered)
 j - 13 bolts
 l - 2 boomerangs
 F - 46 sling bullets
 Z - a throwing net
Armour
 b - a +0 scale mail
 c - a +0 kite shield (worn)
 h - a +0 ring mail
 s - a scarf of resistance (worn)
 D - a +2 leather armour of fire resistance
 S - a +0 pair of gloves (worn)
 V - a +3 scale mail of positive energy (worn)
Jewellery
 i - an uncursed amulet of the acrobat
 o - an uncursed amulet of the gourmand
 q - a ring of poison resistance (right hand)
 v - an uncursed amulet of the acrobat
 B - a +4 ring of dexterity
 G - an uncursed ring of protection from fire
 M - a +5 ring of strength (left hand)
 N - an uncursed ring of positive energy
 R - an amulet of magic regeneration (around neck)
Wands
 K - a wand of flame (48)
 L - a wand of enslavement (5)
 O - a wand of acid (13)
 P - a wand of scattershot (4)
Scrolls
 k - a scroll of identify
 m - 11 scrolls of teleportation
 t - a scroll of blinking
 x - a scroll of fear
 y - 4 scrolls of remove curse
 A - 2 scrolls of enchant weapon
 E - a scroll of amnesia
 H - 2 scrolls of magic mapping
 I - a scroll of fog
 X - 2 scrolls of random uselessness
Potions
 g - a potion of stabbing
 p - 9 potions of heal wounds
 r - 11 potions of curing
 u - 2 potions of flight
 z - 2 potions of mutation
 C - 4 potions of degeneration
 J - a potion of berserk rage
 Q - a potion of cancellation
 T - 2 potions of lignification
 U - a potion of ambrosia {unknown}
 W - a potion of haste {unknown}
Miscellaneous
 Y - a phial of floods (inert)
Comestibles
 f - 21 rations


   Skills:
 + Level 3.3(8.3) Fighting
 - Level 2.6(13.2) Axes
 - Level 11.9(17.0) Maces & Flails
 + Level 1.6(6.6) Throwing
 + Level 5.7(10.7) Armour
 - Level 1.3(6.3) Dodging
 + Level 9.3(14.3) Shields
 - Level 5.1 Invocations
 * Level 4.3 Evocations


You had 10 spell levels left.
You didn't know any spells.
Your spell library contained the following spells:

 Spells                   Type           Power        Failure   Level  Hunger
 Shock                    Conj/Air       #...         63%         1    ##.....
 Swiftness                Chrm/Air       #.......     77%         2    ###....
 Static Discharge         Conj/Air       #.......     94%         3    ####...
 Airstrike                Air            #.........   100%        4    #####..
 Bolt of Magma            Conj/Fire/Erth #.........   100%        5    ######.
 Iskenderun's Battlesphe  Conj/Chrm      #.......     100%        5    ######.
 Lightning Bolt           Conj/Air       #.........   100%        5    ######.
 Iron Shot                Conj/Erth      #.........   100%        6    #######
 Orb of Destruction       Conj           #.........   100%        7    #######
 Spellforged Servitor     Conj/Summ      #.........   100%        7    #######


Dungeon Overview and Level Annotations

Branches:
Dungeon (9/15)             Temple (0/1) D:7           Sewer (visited)
   Lair: D:8-11         Orc: D:9-12

Altars:
Fedhas
Hepliaklqana
Okawaru

Shops:
D:6 [   D:7 }

Annotations:
D:9 Psyche


Innate Abilities, Weirdness & Mutations

You cannot be hasted, slowed, berserked, paralysed or teleported.
You can dig through walls and to a lower floor.
Your four strong arms can wield two-handed weapons with a shield.
You have a pair of large antennae on your head. (SInv)


Message History

Splash!
You fall into the shallow water.
Moving in this stuff is going to be slow.
Psyche is engulfed in water.
You hear an angry hiss.
You hear a loud, deep croak!
You hear an angry hiss.
You hear a screech!
You hear a shout!
You hear a roar!
You hear an angry hiss. x3
You hear a loud, deep croak!
Psyche hits you but does no damage.
Evoke which item? (* to show all) (? for menu, Esc to quit)
Aiming: Polymorph
Press: ? - help, Shift-Dir - straight line, f/p - Psyche
Aim: Psyche, wielding a +0 dagger of distortion, wearing a +0 robe and carrying a wand of disintegration (4) (waterlogged, chance to defeat MR: 59%) Psyche resists with significant effort.
Psyche hits you but does no damage.
Evoke which item? (* to show all) (? for menu, Esc to quit)
Aiming: Polymorph
Press: ? - help, Shift-Dir - straight line, f/p - Psyche
Aim: Psyche, wielding a +0 dagger of distortion, wearing a +0 robe and carrying a wand of disintegration (4) (waterlogged, chance to defeat MR: 59%) Psyche resists with significant effort.
The now-empty wand crumbles to dust.
Psyche zaps a wand.
You are blasted!
You die...

##+# # #.### ##'#####
#......#
#....#+########
#.............# ####
#.............# ....≈
#.............# {
....≈(##.............#
...)≈≈≈@@............#
....≈≈≈#...#.........#
#...≈..##............#
#...... ##############
#.....# ###### { { {


You could see Psyche.

Vanquished Creatures
  Harold (D:8)
  Pikel (D:5)
  A troll (D:9)
  Grinder (D:3)
  Sigmund (D:4)
  4 hogs (D:7)
  Eustachio (D:4)
  A human (D:7)
  A phantom (D:8)
  2 orc warriors (D:8)
  2 slaves (D:5)
  8 ogres
  3 centaurs
  Blork the orc (D:5)
  7 big kobolds
  3 bullfrogs
  5 scorpions
  3 killer bees (D:9)
  3 wights (D:6)
  A centaur zombie (D:9)
  4 crimson imps
  A jelly (D:6)
  3 gnoll shamans (D:8)
  4 hounds
  A centaur skeleton (D:5)
  2 bullfrog skeletons (D:8)
  2 orc priests
  2 orc wizards
  Crazy Yiuf (D:2)
  Ijyb (D:4)
  Jessica (D:3)
  An iguana (D:6)
  Natasha (twice) (D:3)
  6 worker ants
  2 hound skeletons
  15 gnolls
  A howler monkey skeleton (D:5)
  6 river rats
  14 adders
  A shadow imp (D:7)
  An ooze (D:1)
  An adder zombie (D:5)
  2 adder skeletons
  2 worms
  3 dart slugs
  2 leopard geckos
  13 orcs
  5 ball pythons
  8 giant cockroaches
  9 goblins
  2 hobgoblins
  5 jackals
  5 quokkas
  2 bats
  2 frilled lizards
  A jackal skeleton (D:4)
  A jackal zombie (D:5)
  20 kobolds
  A leopard gecko skeleton (D:5)
  A leopard gecko zombie (D:8)
  29 rats
235 creatures vanquished.

Vanquished Creatures (collateral kills)
  A tengu (D:9)
  An orc priest (D:8)
2 creatures vanquished.

Vanquished Creatures (others)
  An orc warrior (D:8)
  An adder skeleton (D:5)
  5 fungi (D:8)
  3 plants (D:8)
10 creatures vanquished.

Grand Total: 247 creatures vanquished

Notes
Turn   | Place    | Note
-------+----------+-------------------------------------------
     0 | D:1      | Fukker the Formicid Fighter began the quest for the Orb.
     0 | D:1      | Reached XP level 1. HP: 18/18 MP: 1/1
    88 | D:1      | Reached XP level 2. HP: 19/24 MP: 2/2
   346 | D:1      | Reached XP level 3. HP: 29/29 MP: 3/3
  1020 | D:2      | Found a runed translucent door.
  1021 | D:2      | Noticed Crazy Yiuf
  1150 | D:2      | Killed Crazy Yiuf
  1150 | D:2      | Reached skill level 1 in Maces & Flails
  1150 | D:2      | Reached XP level 4. HP: 12/35 MP: 1/4
  1606 | D:3      | Noticed Natasha
  1619 | D:3      | Killed Natasha
  1619 | D:3      | Reached skill level 2 in Maces & Flails
  1619 | D:3      | Reached XP level 5. HP: 28/41 MP: 1/5
  1635 | D:3      | You fall into a shaft and drop 1 floor!
  1641 | D:4      | Noticed Ijyb
  1666 | D:4      | Killed Ijyb
  1755 | D:3      | Noticed Jessica
  1763 | D:3      | Killed Jessica
  1795 | D:3      | Found an iron altar of Okawaru.
  1845 | D:3      | Became a worshipper of Warmaster Okawaru
  1901 | D:3      | Noticed Natasha
  1910 | D:3      | Killed Natasha
  1910 | D:3      | Reached skill level 3 in Maces & Flails
  1910 | D:3      | Reached XP level 6. HP: 39/47 MP: 2/6
  1954 | D:3      | Found a glowing drain.
  1966 | Sewer    | Entered a sewer
  2203 | Sewer    | Reached skill level 1 in Dodging
  2223 | Sewer    | Reached skill level 4 in Maces & Flails
  2223 | Sewer    | Reached skill level 5 in Shields
  2292 | Sewer    | Reached XP level 7. HP: 10/52 MP: 2/7
  3045 | Sewer    | Reached skill level 5 in Maces & Flails
  3413 | D:3      | Reached * piety under Okawaru
  3419 | D:3      | Noticed Grinder
  3442 | D:3      | Killed Grinder
  3442 | D:3      | Reached XP level 8. HP: 16/58 MP: 2/8
  3699 | D:4      | Reached skill level 6 in Maces & Flails
  3863 | D:4      | Noticed Eustachio
  3890 | D:4      | Killed Eustachio
  3890 | D:4      | Reached skill level 5 in Armour
  3890 | D:4      | Reached skill level 1 in Invocations
  3941 | D:4      | Noticed Sigmund
  3988 | D:4      | Killed Sigmund
  3988 | D:4      | Reached ** piety under Okawaru
  4371 | D:5      | Entered Level 5 of the Dungeon
  4384 | D:4      | Reached skill level 7 in Maces & Flails
  4616 | D:5      | Reached skill level 1 in Throwing
  4628 | D:5      | Reached XP level 9. HP: 30/64 MP: 3/11
  4855 | D:5      | Noticed Blork the orc
  4870 | D:5      | Killed Blork the orc
  4920 | D:5      | Reached skill level 8 in Maces & Flails
  4979 | D:5      | Noticed Pikel
  5037 | D:5      | Killed Pikel
  5037 | D:5      | Reached *** piety under Okawaru
  5170 | D:6      | Found Erchuofu's Armour Shop.
  5293 | D:6      | Reached skill level 9 in Maces & Flails
  5391 | D:6      | Found a blossoming altar of Fedhas.
  6075 | D:6      | Reached skill level 5 in Invocations
  6101 | D:6      | Reached XP level 10. HP: 70/70 MP: 4/13
  6185 | D:6      | Reached skill level 1 in Evocations
  6515 | D:7      | Found a staircase to the Ecumenical Temple.
  6552 | D:7      | Found Syriet's Gadget Shoppe.
  6759 | D:7      | Reached skill level 10 in Maces & Flails
  7382 | D:8      | Reached **** piety under Okawaru
  7719 | D:8      | Noticed Harold
  7752 | D:8      | Killed Harold
  7752 | D:8      | Reached skill level 11 in Maces & Flails
  8625 | D:8      | Reached XP level 11. HP: 73/75 MP: 4/14
  9214 | D:9      | Found a hazy altar of Hepliaklqana.
  9537 | D:9      | Noticed Psyche
  9537 | D:9      | Noticed Maurice
  9542 | D:9      | Noticed Maurice
  9542 | D:9      | Maurice changed into Maurice the tengu
  9543 | D:9      | Killed Maurice the tengu
  9576 | D:9      | Blown up by Psyche

Levels and vault maps discovered:
D:1:      dpeg_arrival_simpleton_a, layout_basic, minmay_misc_feat_enclosed
D:2:      layout_loops_ring, uniq_crazy_yiuf_cottage
D:3:      layout_basic, portal_sewer_entry_b, kennysheep_okawaru_gauntlet,
          uniq_grinder, uniq_jessica, uniq_natasha
D:4:      layout_loops_ring, first_ration, uniq_eustachio, uniq_sigmund,
          uniq_ijyb
D:5:      layout_rooms, minmay_misc_feat_diagonals, uniq_blork_the_orc,
          uniq_pikel
D:6:      layout_gridville, serial_shops, shop, fedhas_altar_3
D:7:      layout_cave_pods, minmay_temple_entry_statues_fountains, serial_shops,
          shop, grunt_livestock
D:8:      kennysheep_seaside_town, layout_loops_ring,
          chequers_serial_rivers_small_3, kennysheep_diamond, minivault_5,
          uniq_harold
D:9:      layout_basic, overflow_temple_1_default, erik_lair_dragon,
          basic_altar, uniq_psyche, uniq_maurice

Skill      XL: |  1  2  3  4  5  6  7  8  9 10 11 |
---------------+----------------------------------+-----
Shields        | 4 5 6 7 8 9 |  9.3
Maces & Flails | 1 2 3 4 5 7 9 11 | 11.9
Armour         | 4 5 |  5.7
Dodging        | 1 |  1.3
Invocations    | 2 5 |  5.1
Throwing       | 1 |  1.6
Evocations     | 3 4 |  4.3
Fighting       | |  3.3
Axes           | |  2.6

Action                   |  1- 3 |  4- 6 |  7- 9 | 10-12 || total
-------------------------+-------+-------+-------+-------++-------
Melee: War axe           |    38 |       |       |       ||    38
       Whip              |    51 |   154 |   506 |   488 ||  1199
Throw: Stone             |       |    20 |    13 |    17 ||    50
       Throwing net      |       |       |       |     2 ||     2
Invok: Heroism           |       |       |     5 |    10 ||    15
 Abil: Dig               |     1 |     6 |     7 |     4 ||    18
Evoke: Wand              |       |       |     4 |     5 ||     9
       Phial of floods   |       |       |       |     1 ||     1
  Use: Potion            |     1 |       |     3 |       ||     4
       Scroll            |       |     5 |     1 |    13 ||    19
 Stab: Paralysed         |       |       |     6 |       ||     6
       Sleeping          |       |       |     6 |       ||     6
       Distracted        |       |       |     1 |     1 ||     2
       Held in net/web   |       |       |       |     4 ||     4
  Eat: Chunk             |       |     5 |    25 |     5 ||    35
Armor: Scale mail        |    19 |    24 |    16 |    35 ||    94
       Ring mail         |       |    38 |    35 |       ||    73
       Leather armour    |       |       |    16 |    20 ||    36
Dodge: Dodged            |    19 |    74 |   159 |    82 ||   334
Block: Kite shield       |    47 |   122 |   232 |   158 ||   559

Table legend:
 A = Non-vault XP
 B = Vault XP
 C = Vault XP percentage of total XP
 D = Non-vault monster count
 E = Vault monster count
 F = Vault count percentage of total count
                 A         B        C        D         E       F
            +---------+---------+-------+---------+---------+-------
      Total |    3730 |    5532 |  59.7 |     136 |      99 |  42.1
            +---------+---------+-------+---------+---------+-------
        D:1 |      39 |       0 |   0.0 |      11 |       0 |   0.0
        D:2 |      38 |      39 |  50.6 |      15 |       1 |   6.2
        D:3 |      75 |     406 |  84.4 |      14 |      12 |  46.2
        D:4 |     220 |     447 |  67.0 |      17 |       3 |  15.0
        D:5 |     556 |     767 |  58.0 |      15 |       2 |  11.8
        D:6 |     896 |       0 |   0.0 |      20 |       0 |   0.0
        D:7 |     218 |     960 |  81.5 |      10 |       5 |  33.3
        D:8 |     876 |    2374 |  73.0 |      16 |      27 |  62.8
        D:9 |     812 |      60 |   6.9 |      18 |       1 |   5.3
      Sewer |       0 |     479 | 100.0 |       0 |      48 | 100.0
            +---------+---------+-------+---------+---------+-------
